 Dungeon Crawl Stone Soup version 0.17-a0-2055-gb4e23be (webtiles) character file.

198 tp1 the Conjurer (level 5, 0/28 HPs)
             Began as a Deep Elf Conjurer on Oct 11, 2015.
             Slain by an adder (1 damage)
             ... on level 3 of the Dungeon.
             The game lasted 00:17:26 (3643 turns).

tp1 the Conjurer (Deep Elf Conjurer)                Turns: 3643, Time: 00:17:28

Health: 0/28       AC:  2    Str:  5    XL:     5   Next: 47%
Magic:  14/14      EV:  8    Int: 21    God:
Gold:   123        SH:  0    Dex: 15    Spells: 2 memorised, 8 levels left

rFire  . . .     SeeInvis .     e - 3 potions of beneficial mutation {unknown}
rCold  . . .     Clarity  .     a - +0 robe
rNeg   . . .     SustAt   .     (no shield)
rPois  .         Gourm    .     (no helmet)
rElec  .         Spirit   .     (no cloak)
rCorr  .         Warding  .     (no gloves)
rMut   .         Stasis   .     (no boots)
MR     .....                    (no amulet)
Stlth  ++........               (no ring)
                                (no ring)

@: lethally poisoned (0 -> -6), not resistant to hostile enchantments,
unstealthy
A: no striking features
a: no special abilities


You were on level 3 of the Dungeon.
You were not hungry.

You visited 1 branch of the dungeon, and saw 4 of its levels.

You collected 123 gold pieces.

Inventory:

Hand Weapons
 q - a +0 hunting sling
Missiles
 r - 81 stones (quivered)
 u - 56 sling bullets
Armour
 a - a +0 robe (worn)
 p - a +0 helmet
Scrolls
 h - a scroll of magic mapping {unknown}
 i - 3 scrolls of teleportation {unknown}
 j - a scroll of remove curse {unknown}
 n - 2 scrolls of enchant weapon {unknown}
 o - a scroll of enchant armour {unknown}
 t - a scroll of identify {unknown}
Potions
 e - 3 potions of beneficial mutation (in hand) {unknown}
 k - a potion of heal wounds {unknown}
 m - 2 potions of flight {unknown}
 s - 2 potions of magic {unknown}
 v - 2 potions of curing {unknown}
 w - a potion of invisibility {unknown}
Books
 b - a book of Conjurations

   Spells                             Type                      Level
   a - Magic Dart                     Conjuration                  1
   b - Searing Ray                    Conjuration                  2
   c - Dazzling Spray                 Conjuration/Hexes            3
   d - Fulminant Prism                Conjuration/Hexes            4
   e - Iskenderun's Mystic Blast      Conjuration                  4
   f - Iskenderun's Battlesphere      Conjuration/Charms           5
Comestibles
 c - a bread ration
 d - 4 chunks of flesh
 f - a beef jerky
 g - a slice of pizza
 l - 2 meat rations


   Skills:
 - Level 2.4 Dodging
 - Level 2.4 Stealth
 - Level 5.1 Spellcasting
 - Level 6.2 Conjurations
 + Level 2.3 Charms


You had 8 spell levels left.
You knew the following spells:

 Your Spells              Type           Power        Failure   Level  Hunger
a - Magic Dart            Conj           ####         1%          1    None
b - Iskenderun's Battles  Conj/Chrm      ###.....     54%         5    #####..


Dungeon Overview and Level Annotations

Branches:
Dungeon (4/15)
 Temple: D:4-7

Altars:

Annotations:
D:3 tp1's ghost, amateur DECj


Message History

Aiming: Magic Dart
Press: ? - help, Shift-Dir - straight line, f/p - ogre
Aim: an ogre, wielding a giant spiked club (moderately wounded)
The magic dart hits the ogre.
The ogre is moderately wounded.
There is an open door here.
An adder comes into view.
There is a stone staircase leading up here.
The adder barely misses you. The ogre barely misses you.
You climb upwards.
Level annotation: tp1's ghost, amateur DECj
There is a stone staircase leading down here.
The adder bites you.
You are poisoned.
The adder poisons you!
The ogre hits you with a giant spiked club!!
Ouch! That really hurt!
* * * LOW HITPOINT WARNING * * *
The adder bites you.
You die...

##.......##
#.#......#
#.#......#
#........#####
#.#..........#
#.#...W.####.#
#..........#.#
###.##....#....#####
#.S@OW..............
######....####.#####
#####...#.#
###.#.#.# #.....#.#
#.......#####
#...........#
###......####.#
#...........#.#


You could see an ogre, tp1's ghost and an adder.

Vanquished Creatures
  A hound (D:4)
  A worker ant (D:4)
  6 adders
  An adder skeleton (D:4)
  2 worms (D:2)
  A giant gecko (D:3)
  5 orcs (D:3)
  3 giant cockroaches
  15 goblins
  9 hobgoblins
  3 jackals
  A quokka (D:2)
  A ball python (D:2)
  7 bats
  5 giant newts
  11 kobolds
  6 rats
78 creatures vanquished.

Notes
Turn   | Place    | Note
--------------------------------------------------------------
     0 | D:1      | tp1 the Deep Elf Conjurer began the quest for the Orb.
     0 | D:1      | Reached XP level 1. HP: 10/10 MP: 6/6
   193 | D:1      | Reached XP level 2. HP: 15/15 MP: 3/8
   540 | D:1      | Reached skill level 5 in Conjurations
   540 | D:1      | Reached XP level 3. HP: 19/19 MP: 1/10
  1723 | D:2      | Reached skill level 5 in Spellcasting
  1944 | D:2      | Reached XP level 4. HP: 24/24 MP: 7/13
  2944 | D:3      | Noticed tp1's ghost (amateur DECj)
  2954 | D:3      | Reached XP level 5. HP: 28/28 MP: 0/14
  3413 | D:4      | Learned a level 5 spell: Iskenderun's Battlesphere
  3425 | D:4      | Reached skill level 6 in Conjurations
  3607 | D:4      | Noticed an ogre
  3643 | D:3      | HP: 1/28 [ogre/giant spiked club (19)]
  3643 | D:3      | Slain by an adder

Vault maps used:
D:1:      dpeg_arrival_morbid_curiosity
D:2:      kennysheep_six_static_rooms
D:3:      lemuel_doored_altar
D:4:      grunt_gozag_breadcrumbs, uniq_duvessa

Action                   |  1- 3 |  4- 6 || total
-------------------------+-------+-------++-------
Melee: Unarmed           |     9 |       ||     9
 Fire: Hunting sling     |       |    12 ||    12
 Cast: Magic Dart        |    86 |    82 ||   168
  Eat: Chunk             |     3 |     5 ||     8
